 Dungeon Crawl Stone Soup version 0.24-a0-584-g9d6b971ae4 (webtiles) character file.

Game seed: 3738256403811763903, levelgen mode: deterministic

516 Gynju the Magician (level 7, -3/41 HPs)
             Began as an Octopode Fire Elementalist on Sept 3, 2019.
             Slain by an orc
             ... wielding a +0 hand axe
              (4 damage)
             ... on level 4 of the Dungeon.
             The game lasted 00:09:10 (5153 turns).

Gynju the Magician (Octopode Fire Elementalist)     Turns: 5153, Time: 00:09:11

Health: -3/41      AC:  1    Str:  7    XL:     7   Next: 20%
Magic:  14/14      EV: 13    Int: 20    God:
Gold:   190        SH:  0    Dex: 14    Spells: 7/15 levels left

rFire    x . .     SeeInvis .   u - +0 spear
rCold    + . .     Gourm    +   (no shield)
rNeg     . . .     Faith    .   (helmet restricted)
rPois    .         Spirit   .   s - amulet of the gourmand
rElec    .         Reflect  .   d - ring of ice
rCorr    .         Harm     .   h - ring "Empeytaz" {+Fly Dex+4}
MR       .....                  (no ring)
Stlth    ++++......             (no ring)
HPRegen  0.13/turn              (no ring)
MPRegen  0.14/turn              (no ring)
                                (no ring)
                                (no ring)

@: no status effects
A: almost no armour, stealthy swim, amphibious, 8 rings, constrict 8, tentacle
spike 1, camouflage 2, clumsy 1, gelatinous body 1, MP-powered wands
a: Evoke Flight


You were on level 4 of the Dungeon.
You were not hungry.

You visited 1 branch of the dungeon, and saw 4 of its levels.

You collected 190 gold pieces.

Inventory:

Hand Weapons
 u - a +0 spear (weapon)
Jewellery
 d - a ring of ice (left tentacle)
 h - the ring "Empeytaz" (right tentacle) {+Fly Dex+4}
   (You found it on level 4 of the Dungeon)

   [ring of flight]

   It affects your dexterity (+4).
   It lets you fly.
 s - an amulet of the gourmand (around mantle)
Wands
 r - a wand of iceblast (7)
Scrolls
 c - 2 scrolls of identify
 j - a scroll of amnesia
 k - 2 scrolls of immolation {unknown}
 o - a scroll of teleportation
 t - a scroll of remove curse
 v - a scroll of fog
Potions
 a - 3 potions of agility
 e - a potion of degeneration {unknown}
 f - a potion of invisibility {unknown}
 g - 2 potions of mutation
 i - a potion of curing {unknown}
 l - a potion of cancellation {unknown}
 m - a potion of heal wounds
 n - 2 potions of flight {unknown}
 p - a potion of berserk rage {unknown}
 q - 2 potions of haste {unknown}
 w - a potion of might {unknown}
Comestibles
 b - 10 rations


   Skills:
 - Level 2.0 Dodging
 - Level 2.6 Stealth
 * Level 4.9 Spellcasting
 * Level 4.9 Conjurations
 + Level 3.7 Fire Magic


You had 7 spell levels left.
You knew the following spells:

 Your Spells              Type           Power        Failure   Level  Hunger
a - Flame Tongue          Conj/Fire      ###..        1%          1    None
b - Conjure Flame         Conj/Fire      ###.....     6%          3    ##.....
c - Sticky Flame          Conj/Fire      ###.....     21%         4    ####...

Your spell library contained the following spells:

 Spells                   Type           Power        Failure   Level  Hunger
 Throw Flame              Conj/Fire      ###...       3%          2    #......
 Inner Flame              Hex/Fire       ##......     16%         3    ##.....
 Fireball                 Conj/Fire      ###.......   50%         5    ######.


Dungeon Overview and Level Annotations

Branches:
Dungeon (4/15)
 Temple: D:4-7

Altars:
Ashenzari
Cheibriados
Okawaru
Qazlal
Yredelemnul


Innate Abilities, Weirdness & Mutations

You cannot wear most types of armour.
You are very stealthy in the water. (Stealth+)
You are amphibious.
You can wear up to eight rings at the same time.
You can use your tentacles to constrict eight enemies at once.
Your skin blends seamlessly with your surroundings (Stealth++).
Your rubbery body absorbs attacks. (AC +1, EV +1)
One of your tentacles bears a spike.
You are clumsy. (Dex -2)
You expend magic power (3 MP) to strengthen your wands.


Message History

The orc closely misses you.
You closely miss the frilled lizard. Your grab misses the frilled lizard.
The orc hits you with a +0 hand axe. The frilled lizard closely misses you.
The orc priest begins to cast a cantrip, but forgets the words!
The orc priest closely misses you. The orc hits you with a +0 hand axe!
The orc hits you with a +0 club.
You miss the frilled lizard. You grab the frilled lizard.
You squeeze the frilled lizard.
You kill the frilled lizard!
The orc priest calls down the wrath of Beogh upon you.
Beogh smites you! The orc hits you with a +0 hand axe.
The orc priest hits you but does no damage.
The orc hits you with a +0 hand axe.
* * * LOW HITPOINT WARNING * * *
The orc hits you with a +0 club.
* * * LOW HITPOINT WARNING * * *
The orc priest hits you with a +0 flail!
* * * LOW HITPOINT WARNING * * *
The orc priest closely misses you. The orc hits you with a +0 hand axe.
You die...

### #### #.# #.#. #.###
#######.#. #... ..........
###########.##### #########.##
#...............#.............
#.#########.oo....# #######.##
###.###### #o.@o...# ####.##
#........## #.o........ #..<...
#.#.......# #.......##. ##.##.##
#.#.####..# #............#......
#.#.### ..# ##.....###.#.#.....#
#..(..##..# #........ ..........
#####.##..#.#...................
###.##..#.#.##########........
..#.##......#.................


You could see 2 orc priests and 3 orcs.

Vanquished Creatures
  A water moccasin (D:4)
  A phantom (D:4)
  A hound (D:4)
  2 orc wizards
  A centaur skeleton (D:4)
  A worker ant (D:4)
  7 adders
  2 oozes (D:4)
  6 worms
  4 dart slugs
  4 leopard geckos
  9 orcs
  8 goblins
  10 hobgoblins
  2 quokkas
  16 bats
  5 frilled lizards
  5 kobolds
  A quokka skeleton (D:4)
  10 rats
96 creatures vanquished.

Notes
Turn   | Place    | Note
-------+----------+-------------------------------------------
     0 | D:1      | Gynju the Octopode Fire Elementalist began the quest for
                  | the Orb.
     0 | D:1      | Reached XP level 1. HP: 11/11 MP: 3/3
   238 | D:1      | Reached XP level 2. HP: 17/17 MP: 1/5
   859 | D:1      | Reached XP level 3. HP: 21/21 MP: 4/6
  1372 | D:1      | Learned a level 3 spell: Conjure Flame
  2054 | D:2      | Reached XP level 4. HP: 27/27 MP: 6/8
  2693 | D:2      | Found a stormy altar of Qazlal.
  2694 | D:2      | Found a snail-covered altar of Cheibriados.
  2695 | D:2      | Found a basalt altar of Yredelemnul.
  2696 | D:2      | Found an iron altar of Okawaru.
  3043 | D:3      | Reached XP level 5. HP: 31/31 MP: 8/10
  3916 | D:3      | Learned a level 4 spell: Sticky Flame
  3919 | D:4      | Got a scorched bone ring
  3923 | D:3      | Identified the ring "Empeytaz" {+Fly Dex+4} (You found it
                  | on level 4 of the Dungeon)
  4259 | D:4      | Reached XP level 6. HP: 26/36 MP: 7/12
  4370 | D:4      | Found a shattered altar of Ashenzari.
  4626 | D:4      | Noticed a phantom
  4645 | D:4      | Killed a phantom
  4944 | D:4      | Noticed a water moccasin
  4951 | D:4      | Killed a water moccasin
  4951 | D:4      | Reached XP level 7. HP: 17/41 MP: 7/14
  4952 | D:4      | Gained mutation: You expend magic power (3 MP) to
                  | strengthen your wands. [potion of mutation]
  4952 | D:4      | Gained mutation: One of your tentacles bears a spike.
                  | [potion of mutation]
  4952 | D:4      | Gained mutation: You are clumsy. (Dex -2) [potion of
                  | mutation]
  4952 | D:4      | Gained mutation: Your skin blends seamlessly with your
                  | surroundings (Stealth++). [potion of mutation]
  5153 | D:4      | HP: 1/41 [orc priest/+0 flail (7)]
  5153 | D:4      | Slain by an orc

Levels and vault maps discovered:
D:1:      kilobyte_arrival_exit_the_forest, layout_basic
D:2:      layout_loops_corners, minitemple
D:3:      layout_loops_ring
D:4:      layout_basic, evilmike_ruin_ashenzari, first_ration

Skill      XL: |  1  2  3  4  5 |
---------------+----------------+-----
Conjurations   | 2 3 4 |  4.9
Spellcasting   | 3 4 |  4.9
Dodging        | |  2.0
Stealth        | |  2.6
Fire Magic     | |  3.7

Action                   |  1- 3 |  4- 6 |  7- 9 || total
-------------------------+-------+-------+-------++-------
Melee: Club              |    30 |     1 |       ||    31
       Constrict         |     6 |     5 |     1 ||    12
       Tentacles         |     5 |     1 |     1 ||     7
       Unarmed           |     4 |       |       ||     4
       Mace              |       |    14 |       ||    14
       Spear             |       |       |     5 ||     5
 Cast: Flame Tongue      |    48 |   127 |     1 ||   176
 Abil: Evoke Flight      |       |     2 |       ||     2
       Stop Flying       |       |     1 |       ||     1
  Use: Scroll            |     3 |     5 |       ||     8
       Potion            |       |       |     2 ||     2
 Stab: Sleeping          |     1 |       |       ||     1
  Eat: Chunk             |     4 |    13 |       ||    17
Armor: Skin              |     5 |     9 |       ||    14
Dodge: Dodged            |    36 |    57 |    11 ||   104

Table legend:
 A = Non-vault XP
 B = Vault XP
 C = Vault XP percentage of total XP
 D = Non-vault monster count
 E = Vault monster count
 F = Vault count percentage of total count
                 A         B        C        D         E       F
            +---------+---------+-------+---------+---------+-------
      Total |     738 |       0 |   0.0 |      96 |       0 |   0.0
            +---------+---------+-------+---------+---------+-------
        D:1 |      43 |       0 |   0.0 |      24 |       0 |   0.0
        D:2 |     102 |       0 |   0.0 |      23 |       0 |   0.0
        D:3 |     105 |       0 |   0.0 |      30 |       0 |   0.0
        D:4 |     488 |       0 |   0.0 |      19 |       0 |   0.0
            +---------+---------+-------+---------+---------+-------
